AoeStats
← [NIRT13] Coke CoLa!

Lombardia

507567170Analyzed
2v2 RM · 14d ago on Sep 18, 2026· 43m 28s· 4 players
Game mode
Random Map
Map size
Medium (4 player)
Population
200
Speed
Normal
Resources
Standard
Victory
Conquest
Starting age
Dark Age
Ending age
Imperial Age
RankedLock teamsTeams togetherTeam positionsShared explorationLock speedFull tech treeHidden civsTurbo modeCheats
Victory
Defeat
🇦🇷 Magyars · Argentina
1084
+13
🇦🇷 Vietnamese · Argentina
992
+15
🇮🇹 Gurjaras · Italy
1005
-14
🇮🇹 Teutons · Italy
1002
-14
fedefex
5:35 Loom
11:14 Feudal Age
12:03 Horse Collar
12:26 Double-Bit Axe
12:59 Town Watch
24:33 Castle Age
Miliziano-rUbUmBo
8:13 Loom
12:50 Feudal Age
13:46 Double-Bit Axe
14:39 Wheelbarrow
26:06 Castle Age
24:37 Fletching
27:07 Hand Cart
31:55 Forging
37:25 Iron Casting
41:07 Scale Mail Armor
pinKKKKKKKK
10:55 Feudal Age
12:42 Horse Collar
14:18 Wheelbarrow
14:56 Scale Mail Armor
17:02 Double-Bit Axe
17:14 Gold Mining
22:10 Castle Age
21:29 Stone Mining
21:57 Scale Barding Armor
23:15 Husbandry
27:16 Bow Saw
31:38 Gold Shaft Mining
33:49 Bloodlines
34:56 Chain Mail Armor
37:27 Heavy Plow
38:01 Hand Cart
40:45 Imperial Age
39:12 Town Watch
39:59 Chain Barding Armor
40:47 Cavalier
[NIRT13] Coke CoLa!
8:01 Loom
11:19 Feudal Age
12:24 Double-Bit Axe
12:31 Gold Mining
12:22 Horse Collar
13:22 Padded Archer Armor
16:00 Forging
15:43 Fletching
24:12 Castle Age
24:32 Crossbowman
26:57 Heavy Plow
29:41 Leather Archer Armor
29:21 Bodkin Arrow
30:55 Thumb Ring
34:07 Stone Mining
39:19 Ballistics
39:45 Bow Saw
42:20 Imperial Age
42:32 Arbalester
43:53 Wheelbarrow
Connection lost

Rejoining the realm…

Still unreachable

The connection could not be restored.

Session expired

The server has moved on; the page needs a fresh start.